AoeStats
← Victor

Pilgrims

510158207Analyzed
3v3 RM · 1d ago on Sep 29, 2026· 30m 8s· 6 players
Game mode
Random Map
Map size
Normal (6 player)
Population
200
Speed
Normal
Resources
Standard
Victory
Conquest
Starting age
Dark Age
Ending age
Imperial Age
RankedLock teamsTeams togetherTeam positionsShared explorationLock speedFull tech treeHidden civsTurbo modeCheats
Victory
Defeat
🇨🇱 Saxons · Chile
1166
+16
🇲🇽 Dravidians · Mexico
1148
+17
🇧🇴 Italians · Bolivia
1127
+17
🇳🇱 Ethiopians · Netherlands
1174
-17
🇳🇱 Magyars · Netherlands
1168
-17
🇳🇱 Franks · Netherlands
1153
-16
Quimimoshly06
6:09 Loom
12:10 Feudal Age
12:58 Town Watch
13:10 Double-Bit Axe
14:11 Gold Mining
20:15 Castle Age
18:20 Fishing Lines
18:41 Fletching
19:02 Forging
21:32 Medium Warships
21:16 Gillnets
23:08 Bow Saw
26:05 Imperial Age
24:26 Stone Mining
25:01 Clinker Construction
25:01 Careening
25:12 Ballistics
24:55 Padded Archer Armor
24:50 Bodkin Arrow
31:27 Chemistry
PepoDGrizzly
6:22 Loom
12:20 Feudal Age
14:50 Double-Bit Axe
15:46 Fletching
18:59 Wheelbarrow
22:31 Castle Age
20:58 Stone Mining
20:51 Horse Collar
23:54 Bodkin Arrow
24:52 Murder Holes
25:24 Bow Saw
27:02 Heavy Plow
26:53 Gold Mining
28:20 Ballistics
29:07 Gold Shaft Mining
29:25 Masonry
29:07 Guard Tower
MonocromaticPhox
4:58 Loom
8:50 Feudal Age
9:55 Double-Bit Axe
17:43 Castle Age
17:59 Stone Mining
22:14 Stone Shaft Mining
22:53 Bow Saw
24:36 Wheelbarrow
25:15 Fletching
25:53 Ballistics
26:06 Town Watch
27:00 Bodkin Arrow
Victor
12:39 Feudal Age
16:12 Castle Age
21:34 Corvinian Army
21:34 Double-Bit Axe
21:31 Horse Collar
25:43 Loom
30:04 Wheelbarrow
29:50 Heavy Plow
Redhead
10:24 Loom
12:40 Feudal Age
14:51 Double-Bit Axe
20:37 Castle Age
19:11 Scale Barding Armor
19:17 Forging
23:19 Husbandry
23:41 Chain Barding Armor
24:17 Town Watch
25:08 Wheelbarrow
26:04 Iron Casting
30:21 Gold Mining
Kees Harakir!
5:56 Loom
12:02 Feudal Age
17:37 Double-Bit Axe
20:13 Castle Age
18:19 Fletching
21:30 Bodkin Arrow
Connection lost

Rejoining the realm…

Still unreachable

The connection could not be restored.

Session expired

The server has moved on; the page needs a fresh start.